General information
- name: BNet
- type: Ladder team game (AT/RT)
- host: Battle.net
- saver: GreatestTraitor
map: MarketSquare
- players: 8
- length: 36:43
- speed: Fast
- version: 1.26 W3XP
- replay type: Public
» download(199 KB)
Players
team 1 (loser)
VSF1 (
pink | 54 APM | 1906 actions | 35:22)
6 Death Knight
3 Death Coil
2 Death Pact
1 Animate Dead
4 Dark Ranger
2 Black Arrow
2 Silence
5 Pit Lord
2 Howl of Terror
3 Rain of Fire
» actions
| Assign group hotkey | 33 | |
| Basic commands | 27 | |
| Build / train | 66 | |
| ESC pressed | 6 | |
| Enter build submenu | 25 | |
| Enter hero's abilities submenu | 15 | |
| Remove unit from queue | 1 | |
| Right click | 663 | |
| Select / deselect | 312 | |
| Select group hotkey | 654 | |
| Use ability | 104 | |
1906 total
» units
| Acolyte | 10 | |
| Ghoul | 3 | |
| Crypt Fiend | 8 | |
| Gargoyle | 5 | |
| Frost Wyrm | 5 | |
31 total
» upgrades
| Web | 1 | |
| Creature Attack | 3 | |
| Creature Carapace | 3 | |
| Freezing Breath | 1 | |
8 total
» buildings
| Ziggurat | 9 | |
| Crypt | 1 | |
| Graveyard | 2 | |
| Altar of Darkness | 1 | |
| Tomb of Relics | 1 | |
| Halls of the Dead | 1 | |
| Black Citadel | 1 | |
| Sacrificial Pit | 1 | |
| Boneyard | 2 | |
| Spirit Tower | 1 | |
20 total
» build order
00:06 Ziggurat
00:27 Crypt
00:42 Graveyard
00:50 Altar of Darkness
01:12 Ziggurat
02:01 Tomb of Relics
03:16 Halls of the Dead
04:07 Ziggurat
06:58 Black Citadel
08:14 Sacrificial Pit
08:50 Ziggurat
08:59 Ziggurat
09:35 Boneyard
10:32 Graveyard
10:42 Boneyard
12:00 Ziggurat
13:30 Ziggurat
15:38 Ziggurat
22:26 Ziggurat
28:02 Spirit Tower
» items
| Rod of Necromancy | 2 | |
| Scroll of Town Portal | 2 | |
| Potion of Healing | 1 | |
5 total
GreatestTraitor (
purple | 49 APM | 1815 actions | 36:43)
6 Archmage
3 Summon Water Elemental
2 Brilliance Aura
1 Mass Teleport
» actions
| Assign group hotkey | 62 | |
| Basic commands | 165 | |
| Build / train | 77 | |
| Enter build submenu | 67 | |
| Enter hero's abilities submenu | 6 | |
| Give item / drop item | 7 | |
| Right click | 609 | |
| Select / deselect | 444 | |
| Select group hotkey | 236 | |
| Use ability | 142 | |
1815 total
» units
| Peasant | 16 | |
| Footman | 4 | |
| Gryphon Rider | 8 | |
28 total
» upgrades
| Lumber Harvesting | 2 | |
| Masonry | 3 | |
| Swords | 3 | |
| Armor | 3 | |
| Animal War Training | 1 | |
| Storm Hammers | 1 | |
| Cloud | 1 | |
14 total
» buildings
| Altar of Kings | 1 | |
| Barracks | 1 | |
| Farm | 10 | |
| Arcane Vault | 1 | |
| Keep | 1 | |
| Lumber Mill | 1 | |
| Town Hall | 2 | |
| Scout Tower | 61 | |
| Castle | 1 | |
| Guard Tower | 18 | |
| Gryphon Aviary | 5 | |
| Blacksmith | 2 | |
104 total
» build order
00:51 Altar of Kings
00:53 Barracks
00:56 Farm
01:02 Farm
01:06 Farm
01:36 Farm
03:08 Arcane Vault
03:41 Keep
03:52 Lumber Mill
04:56 Town Hall
04:59 Scout Tower
04:59 Scout Tower
05:00 Scout Tower
06:09 Castle
06:46 Guard Tower
06:59 Scout Tower
07:00 Scout Tower
07:02 Scout Tower
08:36 Guard Tower
08:40 Gryphon Aviary
08:41 Gryphon Aviary
08:41 Gryphon Aviary
08:41 Gryphon Aviary
09:16 Gryphon Aviary
09:45 Blacksmith
09:48 Blacksmith
10:32 Scout Tower
10:34 Scout Tower
11:07 Guard Tower
11:19 Farm
11:30 Guard Tower
14:30 Farm
14:31 Farm
14:32 Farm
14:34 Farm
16:14 Scout Tower
16:14 Scout Tower
16:15 Scout Tower
16:15 Scout Tower
17:04 Guard Tower
17:36 Guard Tower
19:16 Scout Tower
19:16 Scout Tower
19:18 Scout Tower
19:18 Scout Tower
19:18 Scout Tower
19:19 Scout Tower
19:19 Scout Tower
20:30 Guard Tower
20:49 Guard Tower
21:09 Town Hall
21:13 Scout Tower
21:14 Scout Tower
21:14 Scout Tower
21:17 Scout Tower
21:17 Scout Tower
21:18 Scout Tower
21:20 Scout Tower
21:21 Scout Tower
21:22 Scout Tower
21:25 Scout Tower
21:25 Scout Tower
21:25 Scout Tower
21:28 Scout Tower
21:28 Scout Tower
21:28 Scout Tower
21:34 Guard Tower
21:47 Farm
22:28 Scout Tower
22:28 Scout Tower
22:29 Scout Tower
22:30 Scout Tower
22:30 Scout Tower
22:31 Scout Tower
22:34 Scout Tower
22:35 Scout Tower
22:40 Scout Tower
22:41 Scout Tower
22:41 Scout Tower
22:41 Scout Tower
22:42 Scout Tower
22:44 Scout Tower
22:44 Scout Tower
22:44 Scout Tower
22:45 Scout Tower
22:45 Scout Tower
23:13 Guard Tower
23:17 Guard Tower
23:28 Guard Tower
23:35 Guard Tower
23:41 Guard Tower
23:46 Scout Tower
23:46 Scout Tower
23:46 Scout Tower
23:48 Scout Tower
23:49 Scout Tower
23:49 Scout Tower
23:50 Scout Tower
23:50 Scout Tower
23:54 Guard Tower
25:14 Guard Tower
25:16 Guard Tower
25:19 Guard Tower
» items
| Scroll of Town Portal | 2 | |
| Orb of Corruption | 1 | |
| Periapt of Vitality | 1 | |
| Staff of Teleportation | 1 | |
| Scroll of Regeneration | 1 | |
| Potion of Healing | 1 | |
7 total

»
dkffprtmrkWkd (
blue | 50 APM | 1800 actions | 36:10)
6 Death Knight
3 Death Coil
2 Unholy Aura
1 Animate Dead
» actions
| Assign group hotkey | 38 | |
| Basic commands | 275 | |
| Build / train | 71 | |
| ESC pressed | 6 | |
| Enter build submenu | 27 | |
| Enter hero's abilities submenu | 6 | |
| Remove unit from queue | 5 | |
| Right click | 337 | |
| Select / deselect | 354 | |
| Select group hotkey | 635 | |
| Use ability | 46 | |
1800 total
» units
| Acolyte | 22 | |
| Ghoul | 6 | |
| Crypt Fiend | 6 | |
| Frost Wyrm | 12 | |
46 total
» upgrades
| Web | 1 | |
| Creature Carapace | 1 | |
| Creature Attack | 1 | |
| Freezing Breath | 1 | |
4 total
» buildings
| Graveyard | 1 | |
| Ziggurat | 12 | |
| Altar of Darkness | 1 | |
| Crypt | 1 | |
| Nerubian Tower | 1 | |
| Spirit Tower | 2 | |
| Halls of the Dead | 1 | |
| Sacrificial Pit | 1 | |
| Tomb of Relics | 1 | |
| Black Citadel | 1 | |
| Boneyard | 2 | |
24 total
» build order
00:24 Graveyard
00:29 Ziggurat
00:42 Altar of Darkness
01:09 Crypt
01:29 Ziggurat
01:53 Nerubian Tower
02:22 Spirit Tower
03:43 Halls of the Dead
06:27 Sacrificial Pit
06:40 Tomb of Relics
07:13 Ziggurat
07:27 Black Citadel
08:50 Ziggurat
09:54 Boneyard
10:02 Boneyard
11:12 Spirit Tower
11:28 Spirit Tower
13:40 Ziggurat
13:46 Ziggurat
13:57 Ziggurat
14:00 Ziggurat
19:46 Ziggurat
21:01 Ziggurat
21:05 Ziggurat
21:08 Ziggurat
» items
| Orb of Corruption | 1 | |
| Scroll of Town Portal | 2 | |
| Potion of Lesser Invulnerability | 1 | |
4 total
Nahsir (
green | 36 APM | 1162 actions | 32:02)
5 Warden
2 Fan of Knives
3 Blink
4 Keeper of the Grove
2 Entangling Roots
2 Thorns Aura
» actions
| Assign group hotkey | 7 | |
| Basic commands | 4 | |
| Build / train | 60 | |
| ESC pressed | 1 | |
| Enter build submenu | 25 | |
| Enter hero's abilities submenu | 10 | |
| Right click | 566 | |
| Select / deselect | 323 | |
| Select group hotkey | 20 | |
| Use ability | 146 | |
1162 total
» units
| Wisp | 14 | |
| Archer | 5 | |
| Huntress | 2 | |
| Druid of the Claw | 8 | |
| Dryad | 2 | |
| Glaive Thrower | 3 | |
34 total
» upgrades
| Improved Bows | 1 | |
| Strength of the Wild | 3 | |
| Reinforced Hides | 3 | |
| Druid of the Claw Training | 2 | |
| Abolish Magic | 1 | |
| Mark of the Claw | 1 | |
| Vorpal Blades | 1 | |
12 total
» buildings
| Moon Well | 9 | |
| Altar of Elders | 1 | |
| Ancient of War | 3 | |
| Hunter's Hall | 1 | |
| Tree of Ages | 1 | |
| Ancient of Wonders | 1 | |
| Ancient of Lore | 2 | |
| Ancient Protector | 1 | |
| Tree of Eternity | 1 | |
| Ancient of Wind | 3 | |
23 total
» build order
00:09 Moon Well
00:31 Altar of Elders
00:47 Ancient of War
01:29 Moon Well
02:16 Hunter's Hall
03:55 Moon Well
04:02 Tree of Ages
04:17 Ancient of Wonders
06:33 Ancient of Lore
06:35 Ancient of Lore
07:34 Ancient Protector
09:22 Tree of Eternity
09:55 Moon Well
09:59 Moon Well
11:14 Moon Well
11:18 Moon Well
22:52 Moon Well
22:53 Moon Well
26:23 Ancient of War
26:30 Ancient of War
30:43 Ancient of Wind
30:46 Ancient of Wind
30:56 Ancient of Wind
» items
team 2 (winner)

»
Kamacho (
yellow | 28 APM | 519 actions | 18:43)
2 Priestess of the Moon
1 Trueshot Aura
1 Searing Arrows
» actions
| Assign group hotkey | 10 | |
| Build / train | 66 | |
| Enter build submenu | 17 | |
| Enter hero's abilities submenu | 2 | |
| Remove unit from queue | 22 | |
| Right click | 139 | |
| Select / deselect | 178 | |
| Select group hotkey | 64 | |
| Use ability | 21 | |
519 total
» units
» upgrades
| Strength of the Moon | 3 | |
| Moon Armor | 3 | |
| Improved Bows | 1 | |
| Marksmanship | 1 | |
| Upgrade Moon Glaive | 0 | |
8 total
» buildings
| Moon Well | 5 | |
| Altar of Elders | 1 | |
| Ancient of War | 2 | |
| Hunter's Hall | 1 | |
| Tree of Ages | 1 | |
| Tree of Life | 1 | |
| Tree of Eternity | 1 | |
| Ancient of Lore | 1 | |
| Ancient of Wind | 1 | |
14 total
» build order
00:10 Moon Well
00:16 Altar of Elders
00:41 Ancient of War
01:49 Moon Well
02:48 Hunter's Hall
03:57 Tree of Ages
04:42 Moon Well
04:51 Moon Well
05:55 Moon Well
07:44 Tree of Life
10:43 Tree of Eternity
12:58 Ancient of Lore
13:55 Ancient of War
14:47 Ancient of Wind

»
acegilbert (
orange | 52 APM | 982 actions | 18:54)
2 Archmage
1 Summon Water Elemental
1 Blizzard
1 Paladin
1 Holy Light
» actions
| Assign group hotkey | 10 | |
| Build / train | 38 | |
| ESC pressed | 1 | |
| Enter build submenu | 22 | |
| Enter hero's abilities submenu | 3 | |
| Right click | 356 | |
| Select / deselect | 134 | |
| Select group hotkey | 383 | |
| Use ability | 35 | |
982 total
» units
| Peasant | 11 | |
| Gryphon Rider | 3 | |
| Dragonhawk Rider | 2 | |
16 total
» upgrades
| Lumber Harvesting | 2 | |
| Swords | 2 | |
| Armor | 2 | |
| Cloud | 1 | |
7 total
» buildings
| Farm | 11 | |
| Lumber Mill | 1 | |
| Altar of Kings | 1 | |
| Keep | 1 | |
| Arcane Vault | 1 | |
| Scout Tower | 2 | |
| Castle | 1 | |
| Guard Tower | 1 | |
| Gryphon Aviary | 3 | |
| Blacksmith | 1 | |
23 total
» build order
01:00 Farm
01:34 Lumber Mill
01:41 Farm
02:07 Altar of Kings
02:33 Farm
03:16 Keep
03:25 Farm
03:49 Arcane Vault
04:08 Farm
05:24 Scout Tower
05:30 Scout Tower
05:42 Castle
05:58 Guard Tower
06:19 Gryphon Aviary
06:25 Gryphon Aviary
07:12 Blacksmith
07:47 Gryphon Aviary
07:55 Farm
09:16 Farm
09:34 Farm
12:07 Farm
12:20 Farm
13:08 Farm
» items
| Scroll of Regeneration | 2 | |
| Potion of Healing | 2 | |
| Scroll of Town Portal | 3 | |
7 total
RAVENRILEYHOT (
red | 75 APM | 2749 actions | 36:43)
8 Mountain King
3 Storm Bolt
3 Bash
1 Avatar
1 Thunder Clap
1 Paladin
1 Devotion Aura
» actions
| Assign group hotkey | 48 | |
| Basic commands | 7 | |
| Build / train | 121 | |
| Enter build submenu | 29 | |
| Enter hero's abilities submenu | 9 | |
| Give item / drop item | 2 | |
| Right click | 1290 | |
| Select / deselect | 323 | |
| Select group hotkey | 790 | |
| Use ability | 130 | |
2749 total
» units
| Peasant | 16 | |
| Footman | 4 | |
| Gryphon Rider | 4 | |
| Dragonhawk Rider | 6 | |
| Siege Engine | 3 | |
33 total
» upgrades
| Masonry | 3 | |
| Lumber Harvesting | 2 | |
| Swords | 2 | |
| Armor | 2 | |
| Storm Hammers | 1 | |
| Animal War Training | 1 | |
| Cloud | 1 | |
| Barrage | 1 | |
| Magic Sentry | 1 | |
| Sorceress Training | 1 | |
15 total
» buildings
| Altar of Kings | 1 | |
| Barracks | 1 | |
| Farm | 12 | |
| Lumber Mill | 1 | |
| Scout Tower | 36 | |
| Keep | 2 | |
| Guard Tower | 38 | |
| Arcane Vault | 1 | |
| Blacksmith | 1 | |
| Town Hall | 2 | |
| Gryphon Aviary | 3 | |
| Castle | 1 | |
| Workshop | 1 | |
| Arcane Sanctum | 1 | |
101 total
» build order
00:16 Altar of Kings
00:23 Barracks
00:38 Farm
00:53 Farm
01:10 Lumber Mill
01:47 Farm
02:01 Scout Tower
02:27 Keep
02:38 Guard Tower
02:38 Guard Tower
02:41 Scout Tower
02:41 Scout Tower
02:52 Arcane Vault
03:20 Guard Tower
03:44 Farm
03:47 Guard Tower
03:47 Guard Tower
04:23 Blacksmith
05:53 Town Hall
05:56 Scout Tower
05:56 Scout Tower
05:56 Scout Tower
06:19 Gryphon Aviary
06:29 Scout Tower
06:32 Guard Tower
06:59 Guard Tower
07:01 Scout Tower
07:01 Scout Tower
07:10 Scout Tower
07:30 Castle
07:32 Guard Tower
07:32 Guard Tower
07:35 Guard Tower
07:44 Guard Tower
07:44 Guard Tower
08:09 Gryphon Aviary
09:42 Gryphon Aviary
09:45 Farm
09:46 Farm
09:47 Farm
09:47 Farm
09:47 Farm
12:09 Scout Tower
12:09 Scout Tower
12:10 Scout Tower
12:10 Scout Tower
12:12 Scout Tower
12:12 Scout Tower
12:59 Guard Tower
12:59 Guard Tower
13:00 Guard Tower
13:35 Guard Tower
13:35 Guard Tower
13:39 Guard Tower
14:55 Guard Tower
14:58 Farm
14:58 Farm
15:37 Scout Tower
15:38 Scout Tower
15:39 Scout Tower
15:39 Scout Tower
15:40 Scout Tower
15:41 Scout Tower
15:42 Scout Tower
16:05 Workshop
16:54 Guard Tower
16:57 Guard Tower
16:57 Guard Tower
17:02 Scout Tower
17:02 Scout Tower
17:03 Scout Tower
17:03 Scout Tower
17:04 Scout Tower
17:04 Scout Tower
17:05 Scout Tower
17:06 Scout Tower
17:06 Scout Tower
17:51 Guard Tower
18:58 Guard Tower
18:58 Guard Tower
19:06 Guard Tower
19:06 Guard Tower
19:32 Guard Tower
19:32 Guard Tower
20:05 Arcane Sanctum
20:27 Scout Tower
20:27 Scout Tower
20:27 Scout Tower
20:29 Scout Tower
22:55 Guard Tower
23:59 Guard Tower
23:59 Guard Tower
34:49 Town Hall
» items
| Scroll of Regeneration | 6 | |
| Scroll of Town Portal | 4 | |
| Staff of Sanctuary | 1 | |
| Orb of Fire | 1 | |
| Lesser Clarity Potion | 1 | |
| Potion of Mana | 1 | |
14 total
SteelSaint (
teal | 33 APM | 645 actions | 19:19)
3 Mountain King
2 Storm Bolt
1 Bash
1 Paladin
1 Holy Light
» actions
| Assign group hotkey | 32 | |
| Basic commands | 15 | |
| Build / train | 70 | |
| Enter build submenu | 17 | |
| Enter hero's abilities submenu | 4 | |
| Give item / drop item | 1 | |
| Remove unit from queue | 2 | |
| Right click | 214 | |
| Select / deselect | 158 | |
| Select group hotkey | 69 | |
| Use ability | 63 | |
645 total
» units
| Peasant | 15 | |
| Footman | 8 | |
| Knight | 4 | |
| Siege Engine | 6 | |
| Priest | 6 | |
39 total
» upgrades
| Defend | 1 | |
| Lumber Harvesting | 2 | |
| Animal War Training | 1 | |
| Priest Training | 2 | |
| Plating | 2 | |
| Swords | 1 | |
| Barrage | 1 | |
10 total
» buildings
| Altar of Kings | 1 | |
| Farm | 12 | |
| Scout Tower | 8 | |
| Arcane Tower | 1 | |
| Barracks | 2 | |
| Lumber Mill | 1 | |
| Keep | 1 | |
| Town Hall | 1 | |
| Guard Tower | 5 | |
| Blacksmith | 1 | |
| Castle | 1 | |
| Arcane Sanctum | 1 | |
| Arcane Vault | 2 | |
| Workshop | 2 | |
39 total
» build order
00:28 Altar of Kings
00:36 Farm
00:40 Scout Tower
00:46 Farm
01:40 Arcane Tower
01:47 Barracks
02:29 Farm
02:31 Farm
02:44 Barracks
04:40 Lumber Mill
04:59 Keep
06:53 Town Hall
06:56 Scout Tower
06:59 Scout Tower
07:01 Scout Tower
07:03 Scout Tower
07:06 Farm
07:07 Farm
07:09 Farm
07:10 Farm
07:25 Guard Tower
07:27 Guard Tower
07:29 Guard Tower
07:34 Guard Tower
07:54 Scout Tower
07:56 Scout Tower
07:57 Scout Tower
09:24 Guard Tower
09:33 Blacksmith
09:50 Castle
10:40 Arcane Sanctum
10:45 Arcane Vault
10:47 Arcane Vault
12:17 Workshop
12:19 Workshop
12:22 Farm
12:23 Farm
12:24 Farm
12:25 Farm
» items
| Scroll of Town Portal | 1 | |
| Orb of Fire | 2 | |
| Circlet of Nobility | 1 | |
| Boots of Speed | 1 | |
5 total
Chat log
(00:20 / All) VSF1: hi all
(00:24 / Allies) VSF1: 100 gold?
(00:30 / All) RAVENRILEYHOT: no leavers woo hoo
(00:48 / Allies) VSF1: ty green
(01:03 / Allies) VSF1: fineds wyrms here
(02:53 / Allies) Nahsir: gonna harss
(07:30 / Allies) GreatestTraitor: let's creep mid
(07:49 / Allies) GreatestTraitor: come pink
(08:39 / Allies) VSF1: b
(08:54 / Allies) VSF1: out
(09:27 / Allies) VSF1: who get mleee??
(09:30 / Allies) Nahsir: <'
(09:41 / Allies) GreatestTraitor: did someone tp in my base
(09:53 / Allies) VSF1: we neeed some melee
(09:59 / Allies) VSF1: lumber plz
(10:07 / All) RAVENRILEYHOT: unsummon blue!
(10:13 / Allies) GreatestTraitor: need lumber too
(10:50 / Allies) VSF1: air
(13:14 / Allies) VSF1: no melee????
(13:22 / Allies) VSF1: k
(13:25 / Allies) VSF1: ty
(13:32 / Allies) dkffprtmrkWkd: gold
(14:38 / Allies) VSF1: meet
(14:52 / Allies) VSF1: gogogo
(15:27 / All) VSF1: gj oj
(15:58 / All) VSF1: gg
(16:05 / All) GreatestTraitor: yellow good
(16:19 / Allies) Nahsir: purp
(16:21 / Allies) Nahsir: stop moving
(16:22 / Allies) Nahsir: heals
(17:52 / Allies) Nahsir: tanks
(17:56 / Allies) VSF1: i go to blue
(18:36 / All) VSF1: gg
(19:06 / All) SteelSaint: So...gg
(19:14 / All) Nahsir: gg
(19:15 / All) VSF1: can i get my expo now???
(19:22 / All) RAVENRILEYHOT: Go for it
(19:26 / All) VSF1: ty
(20:07 / Allies) GreatestTraitor: lumber?
(22:35 / Allies) Nahsir: whole army is at base
(22:40 / Allies) VSF1: nop7
(22:42 / Allies) VSF1: alte
(23:14 / Allies) GreatestTraitor: lumbers?
(23:21 / All) RAVENRILEYHOT: noobsssssss
(23:23 / Allies) VSF1: stop towerrfs man
(23:26 / Allies) VSF1: get siege
(23:32 / Allies) GreatestTraitor: k need lumber first
(23:59 / Allies) VSF1: ahahhaha
(24:02 / Allies) VSF1: u have 8k man
(24:04 / Allies) VSF1: ahaahhaha
(25:15 / All) RAVENRILEYHOT: catch me if u can
(25:19 / All) RAVENRILEYHOT: im the ginger bread man
(25:26 / Allies) GreatestTraitor: let's do it boys
(26:15 / Allies) GreatestTraitor: CHARGE
(26:19 / Allies) GreatestTraitor: WE GOT THIS
(26:43 / Allies) Nahsir: ill just keep you healed
(27:12 / Allies) VSF1: wf purple°?°??
(27:21 / Allies) Nahsir: invalid target
(27:24 / Allies) Nahsir: cause of net
(27:25 / Allies) VSF1: ???
(27:44 / Allies) Nahsir: WHAT ARE YOU DOING
(27:52 / Allies) Nahsir: just sit there and web them
(28:17 / All) GreatestTraitor: I am the greatest traitor, there can be no greater!
(28:23 / All) RAVENRILEYHOT: NOOBSSSSS
(28:49 / Allies) VSF1: kill him
(30:00 / All) RAVENRILEYHOT: no soup for u pink
(30:38 / All) GreatestTraitor: THIS WILL MAKE FOR A GREAT TREACHERY
(31:27 / All) RAVENRILEYHOT: gg pinks dr
(31:36 / Allies) dkffprtmrkWkd: do it what you want anwway
(31:42 / All) RAVENRILEYHOT: gg pitlord
(31:54 / All) RAVENRILEYHOT: gg acos
(31:56 / Allies) dkffprtmrkWkd: so you go 1v1 with red?
(32:18 / All) RAVENRILEYHOT: y no talky
(32:19 / All) RAVENRILEYHOT: talk
(32:26 / All) VSF1: talk what??
(32:31 / All) VSF1: its gg
(32:39 / All) RAVENRILEYHOT: i get no credit for my aamzing combeback
(32:40 / All) dkffprtmrkWkd: what you ending?
(33:09 / All) GreatestTraitor: Remember this name on your lips, LORD FARSANKY
(33:19 / All) GreatestTraitor: The greatest traitor, whose great treachery drives you stark raving mad!
(33:38 / All) GreatestTraitor: The name will be permanently pressed upon your lips, LORD FARSANKY
(33:41 / All) GreatestTraitor: LORD FARSANKY
(33:44 / Allies) dkffprtmrkWkd: whatever what ending?
(33:49 / All) VSF1: shut up tard
(33:53 / All) GreatestTraitor: I have snatched defeat from the jaws of victory!
(33:55 / All) dkffprtmrkWkd: whaever go 1v1
(34:00 / Allies) VSF1: gogogogo purple
(34:02 / All) RAVENRILEYHOT: guys i had an amazing comeback why is nobody saying "good job red"
(34:03 / Allies) VSF1: tk who now??
(34:13 / All) dkffprtmrkWkd: idk
(34:28 / All) dkffprtmrkWkd: go red v prup
(34:48 / Allies) VSF1: ahahahahhahaha
(34:52 / Allies) VSF1: completely tard
(34:53 / All) dkffprtmrkWkd: who gonna finish this?
(35:01 / All) RAVENRILEYHOT: i m of course
(35:06 / All) RAVENRILEYHOT: unless u object
(35:07 / All) GreatestTraitor: HOW CAN IT BE?
(35:11 / All) GreatestTraitor: DEFEAT FROM THE JAWS OF VICTORY?
(35:16 / All) dkffprtmrkWkd: so jeark is purp?
(35:18 / Allies) dkffprtmrkWkd: l
(35:19 / All) dkffprtmrkWkd: lol
(35:20 / All) GreatestTraitor: ONLY THE GREATEST TRAITOR C OULD ACCOMPLISH THIS
(35:23 / All) RAVENRILEYHOT: y jerk purple y
(35:23 / All) GreatestTraitor: THE CHAMPION WITHOUT PEER
(35:26 / All) RAVENRILEYHOT: from blue?
(35:32 / All) RAVENRILEYHOT: from russia me
(36:18 / All) GreatestTraitor: My team lose or yours?
(36:29 / All) RAVENRILEYHOT: u decide
(36:41 / All) GreatestTraitor: As the greatest traitor, this treachery must be final!